 Dungeon Crawl Stone Soup version 0.28.0-43-g3370ac3207 (webtiles) character file.

Game seed: 12396187611927526146

38 NinjaNoafa the Sneak (level 3, -1/22 HPs)
             Began as a Kobold Brigand on Apr 1, 2022.
             Was a Follower of Okawaru.
             Splashed by a jelly's acid (8 damage)
             ... on level 2 of the Dungeon.
             The game lasted 00:03:27 (1435 turns).

NinjaNoafa the Sneak (Kobold Brigand)               Turns: 1435, Time: 00:03:27

Health: -1/22      AC: -5    Str:  8    XL:     3   Next: 65%
Magic:  4/4        EV: 14    Int: 12    God:    Okawaru [*.....]
Gold:   58         SH: 10    Dex: 18    Spells: 4/4 levels left

rFire   . . .      SeeInvis .   a - +2 dagger
rCold   . . .      Faith    .   m - +0 buckler
rNeg    . . .      Spirit   .   b - +0 robe
rPois   .          Reflect  +   (no helmet)
rElec   .          Harm     .   c - +0 cloak
rCorr   .          Rampage  .   (no gloves)
Will    .....                   (no boots)
Stlth   ++++......              l - amulet of reflection
HPRegen 0.07/turn               (no ring)
MPRegen 0.09/turn               (no ring)

@: corroded
A: small, no large weapons, nightstalker 3
a: Renounce Religion, Heroism


You were on level 2 of the Dungeon.
You worshipped Okawaru.
Okawaru was aware of your devotion.
You visited 1 branch of the dungeon, and saw 2 of its levels.

You collected 58 gold pieces.

Inventory:

Hand Weapons
 a - a +2 dagger (weapon)
Missiles
 d - 8 poisoned darts (quivered)
 e - 2 curare-tipped darts
 f - 104 stones
Armour
 b - a +0 robe (worn)
 c - a +0 cloak (worn)
 m - a +0 buckler (worn)
Jewellery
 l - an amulet of reflection (around neck)
Scrolls
 g - a scroll of identify {unknown}
 h - 2 scrolls of enchant weapon {unknown}
 i - a scroll of teleportation {unknown}
Potions
 j - a potion of might {unknown}
 k - a potion of brilliance {unknown}


   Skills:
 + Level 2.6 Fighting
 + Level 3.1 Short Blades
 + Level 2.5 Throwing
 + Level 1.8 Dodging
 + Level 5.6 Stealth
 + Level 1.1 Spellcasting


You had 4 spell levels left.
You didn't know any spells.
Your spell library was empty.

Dungeon Overview and Level Annotations

Branches:
Dungeon (2/15)

Altars:
Okawaru


Innate Abilities, Weirdness & Mutations

You are small and have problems with some larger weapons.
You are completely attuned to the shadows.


Message History

You kill the endoplasm!
Okawaru accepts your kill.
A kobold comes into view. It is wielding a +0 short sword.
The kobold shouts!
You closely miss the kobold.
The kobold hits you with a +0 short sword.
You hit the kobold.
The kobold is severely wounded.
The kobold hits you but does no damage.
You hit the kobold.
You kill the kobold!
Okawaru accepts your kill.
You see here a +0 short sword.
A kobold comes into view. It is wielding a +0 dagger.
The helpless kobold fails to defend itself.
You impale the kobold!!
You kill the kobold!
Okawaru accepts your kill.
f - 104 stones (gained 3)
Things that are here:
a +0 dagger; a kobold corpse You enter the shallow water.
Moving in this stuff is going to be slow.
You enter the shallow water.
Moving in this stuff is going to be slow.
A jelly comes into view.
Found a stone staircase leading down.
The jelly quivers.
The jelly hits you but does no damage.
You barely miss the jelly. The jelly hits you.
You are splashed with acid!
You barely miss the jelly. You block the jelly's attack.
You hit the jelly. The acid corrodes you!
Your hands burn!
The jelly is lightly wounded.
The jelly barely misses you.
You completely miss the jelly.
The jelly is lightly wounded.
You hit the jelly.
Your hands burn!
The jelly is moderately wounded.
The jelly hits you. The acid corrodes you!
You are splashed with acid!
You die...

........≈≈≈≈≈≈.# #.#
.........≈≈≈.≈.# #.#
........≈≈≈....# #.#
.......≈≈......#
.......≈≈≈≈..≈.##
.#####..≈.≈.≈#..#
#...≈≈≈##..##
##+###...≈≈..#...#
........#≈≈ ....@#
........#≈######J..#
........# #...#
####....# #..>#
#....#.## #....
#....#.# #....#.#
#....#.# #....#.###≈


You could see a jelly.

Vanquished Creatures
  2 dart slugs (D:1)
  4 bats
  8 endoplasms
  A giant cockroach (D:1)
  A goblin (D:1)
  5 hobgoblins
  5 kobolds (D:2)
  2 ball pythons
  A frilled lizard (D:2)
  2 rats (D:1)
31 creatures vanquished.

Notes
Turn   | Place    | Note
-------+----------+-------------------------------------------
     0 | D:1      | NinjaNoafa the Kobold Brigand began the quest for the Orb.
     0 | D:1      | Reached XP level 1. HP: 12/12 MP: 1/1
   281 | D:1      | Reached XP level 2. HP: 16/18 MP: 2/2
   488 | D:1      | Found a faded altar of an unknown god.
   494 | D:1      | Prayed at the altar of an unknown god.
   494 | D:1      | Became a worshipper of Warmaster Okawaru
   494 | D:1      | Reached * piety under Okawaru
   596 | D:1      | Reached XP level 3. HP: 22/22 MP: 4/4
  1042 | D:2      | Reached skill level 1 in Spellcasting
  1435 | D:2      | Splashed by a jelly's acid

Illustrated notes

Levels and vault maps discovered:
D:1:      dpeg_arrival_rhombi, layout_loops_ring,
          chequers_ecumenical_altar_simple_redux
D:2:      layout_basic, serial_rivers, chequers_serial_rivers_large_b,
          chequers_serial_rivers_room_b, chequers_serial_rivers_small_b,
          chequers_serial_rivers_small_3, chequers_serial_rivers_marsh,
          chequers_serial_rivers_room_b

Skill      XL: |  1  2  3 |
---------------+----------+-----
Short Blades   | 3 |  3.1
Spellcasting   | 1 |  1.1
Fighting       | |  2.6
Throwing       | |  2.5
Dodging        | |  1.8
Stealth        | |  5.6

Action                   || total
-------------------------++-------
Melee: Dagger            ||    78
       Punch             ||     1
Throw: Stone             ||     3
       Dart              ||     1
 Stab: Sleeping          ||    16
Armor: Robe              ||    11
Dodge: Dodged            ||    37
Block: Other             ||     2
       Buckler           ||     2
